 Dungeon Crawl Stone Soup version 0.17-a0-1150-g17b0b87 (console) character file.

1441 hyperkellhus the Reanimator (level 9, -1/52 HPs)
             Began as a Kobold Wanderer on May 27, 2015.
             Killed from afar by a deep elf mage (21 damage)
             ... with a shard of ice
             ... on level 6 of the Dungeon.
             The game lasted 00:21:29 (9098 turns).

hyperkellhus the Reanimator (Kobold Wanderer)       Turns: 9098, Time: 00:21:30

Health: -1/52      AC:  7    Str: 10    XL:     9   Next: 4%
Magic:  9/15       EV: 14    Int: 16    God:
Gold:   247        SH:  0    Dex: 13    Spells: 2 memorised, 12 levels left

rFire  . . .     SeeInvis +     a - +2 quarterstaff (chaos)
rCold  . . .     Clarity  .     c - +0 robe
rNeg   . . .     SustAt   .     (shield restricted)
rPois  .         Gourm    .     h - +0 helmet
rElec  .         Spirit   .     v - +0 cloak
rCorr  .         Warding  .     u - +2 pair of gloves
rMut   .         Stasis   .     (no boots)
MR     .....                    (no amulet)
Stlth  +++.......               r - ring of see invisible
                                K - ring of stealth

@: not resistant to hostile enchantments, fairly stealthy
A: carnivore 3
a: no special abilities


You were on level 6 of the Dungeon.
You were completely stuffed.

You visited 2 branches of the dungeon, and saw 7 of its levels.

You collected 247 gold pieces.

Inventory:

Hand weapons
 a - a +2 quarterstaff of chaos (weapon)
 b - a +0 blowgun
 d - a +0 dagger
 A - a +0 falchion of draining
 E - a +0 trident
 N - a +1 short sword of speed
Missiles
 M - 33 poisoned needles
Armour
 c - a +0 robe (worn)
 h - a +0 helmet (worn)
 m - a +0 pair of gloves
 u - a +2 pair of gloves (worn)
 v - a +0 cloak (worn)
Jewellery
 o - a +2 ring of strength
 r - a ring of see invisible (right hand)
 K - a ring of stealth (left hand)
Magical devices
 x - a wand of polymorph (4)
 F - a wand of slowing (8)
Scrolls
 i - 5 scrolls of remove curse
 j - 2 scrolls of enchant weapon
 k - 6 scrolls of identify
 p - 3 scrolls of enchant armour {unknown}
 s - 3 scrolls of random uselessness {unknown}
 B - a scroll of fear {unknown}
 C - 2 scrolls of blinking {unknown}
 H - a scroll of recharging {unknown}
 L - 4 scrolls of teleportation
Potions
 f - a potion of cure mutation {unknown}
 g - a potion of curing
 l - 2 potions of heal wounds
 q - a potion of resistance {unknown}
 D - a potion of flight {unknown}
 J - 2 potions of might {unknown}
Books
 w - a book of Necromancy

   Spells                             Type                      Level
   a - Pain                           Necromancy                   1
   b - Animate Skeleton               Necromancy                   1
   c - Vampiric Draining              Necromancy                   3
   d - Regeneration                   Charms/Necromancy            3
   e - Animate Dead                   Necromancy                   4
   f - Control Undead                 Necromancy                   4
 y - a book of Clouds

   Spells                             Type                      Level
   a - Mephitic Cloud                 Conjuration/Poison/Air       3
   b - Conjure Flame                  Conjuration/Fire             3
   c - Poisonous Cloud                Conjuration/Poison/Air       6
   d - Freezing Cloud                 Conjuration/Ice/Air          6
   e - Ring of Flames                 Charms/Fire                  7
Comestibles
 e - a meat ration
 t - a slice of pizza


   Skills:
 + Level 4.0 Fighting
 - Level 3.3(3.5) Short Blades
 - Level 1.0(1.6) Long Blades
 - Level 1.3 Throwing
 - Level 1.2 Dodging
 - Level 1.3 Stealth
 - Level 4.1 Spellcasting
 - Level 9.0 Necromancy


You had 12 spell levels left.
You knew the following spells:

 Your Spells              Type           Power        Failure   Level  Hunger
a - Pain                  Necr           ####         1%          1    None
b - Vampiric Draining     Necr           ####......   1%          3    ###....


Dungeon Overview and Level Annotations

Branches:
Dungeon (6/15)             Temple (1/1) D:4

Altars:
Cheibriados
Dithmenos
Elyvilon
Fedhas
Gozag
Makhleb
Nemelex Xobeh
Qazlal
Ru
Sif Muna
Trog
Vehumet
Xom
Yredelemnul

Shops:
D:5 :

Annotations:
D:2 exclusion: adder
D:3 exclusion: skeleton
D:4 exclusion: two-headed ogre, Avack's ghost, weakling NaWr


Innate Abilities, Weirdness & Mutations

You are small and have problems with some larger weapons.
You are carnivorous and can eat meat at any time.


Message History

Press: ? - help, Shift-Dir - straight line, f - orc
Aim: an orc, wielding a hand axe (chance to defeat MR: 93%)
The orc convulses in agony!
You see here a blowgun.
The orc drinks a potion.
The orc is healed!
You have identified the last healing potion.
g - a potion of curing
Press: ? - help, v - describe, . - travel
Here: an orc, wielding a hand axe (lightly wounded)
The floor.
You sock the orc! You burn the orc.
You kill the orc!
You see here a hand axe.
You start resting.
The deep elf mage gestures at you while chanting.
The shard of ice hits you!
You see here a hand axe.
The deep elf mage casts a spell at you. The shard of ice hits you!
You die...

♣.♣♣ ♣♣h♣ ♣.. ♣e♣♣
♣.♣♣♣♣♣♣♣ ♣♣.♣
♣.)♣♣..g♣♣ ♣.♣
.......##..#
♣♣..♣.♣♣.♣♣ ♣♣g
.....#.##..#
♣♣♣e♣.♣♣♣♣g♣ ♣.
.....#.##..#
♣♣♣♣())♣♣♣ ♣.♣♣♣♣.
...........#
♣♣.♣)♣.♣♣ ♣.♣♣.g.
#..........#♣♣.)@♣♣♣♣
♣....)♣
#..........#♣..♣♣♣
♣.....♣♣
#..........#♣.♣♣
♣.♣...♣
#.............♣
♣.♣♣♣.♣
#....).....#♣♣♣ ).
♣.♣ #..).......# ..♣
♣.♣ ...#'#####.# ♣..
♣.♣ ...#.# #)# .. ♣.♣
...#.# #.#


You could see a deep elf mage.

Vanquished Creatures
  A fire bat (D:4)
  A phantom (D:5)
  3 centaurs (D:6)
  2 ogres
  3 crimson imps
  5 orc priests
  3 hounds
  Crazy Yiuf (D:3)
  4 orc wizards
  A centaur skeleton (D:5)
  2 worker ants
  A hound zombie (D:5)
  2 gnolls
  A white imp (D:5)
  7 adders
  An ooze (D:3)
  An adder skeleton (D:6)
  2 giant geckos
  25 orcs
  8 bats
  3 giant cockroaches
  12 hobgoblins
  11 jackals
  2 quokkas
  8 giant newts
  12 goblins
  10 kobolds
  10 rats
  A fungus (D:3)
143 creatures vanquished.

Notes
Turn   | Place    | Note
--------------------------------------------------------------
     0 | D:1      | hyperkellhus the Kobold Wanderer began the quest for the Orb.
     0 | D:1      | hyperkellhus set off with: a book of Necromancy, a scroll of teleportation, a +0 robe, a +0 dagger, a meat ration
     0 | D:1      | Reached XP level 1. HP: 12/12 MP: 3/3
     2 | D:1      | Learned a level 1 spell: Pain
   163 | D:1      | Reached skill level 1 in Short Blades
   895 | D:1      | Reached XP level 2. HP: 12/16 MP: 0/5
  1394 | D:2      | Reached XP level 3. HP: 5/20 MP: 1/6
  2906 | D:2      | Reached XP level 4. HP: 18/25 MP: 0/7
  3146 | D:3      | Learned a level 3 spell: Vampiric Draining
  3243 | D:3      | Reached skill level 4 in Necromancy
  3377 | D:3      | Reached XP level 5. HP: 26/29 MP: 5/8
  3455 | D:3      | Noticed an earth elemental
  3457 | D:3      | Found a stormy altar of Qazlal.
  3458 | D:3      | Noticed a fire elemental
  3458 | D:3      | Noticed a water elemental
  3458 | D:3      | Noticed an air elemental
  4333 | D:3      | Noticed Crazy Yiuf
  4402 | D:3      | Killed Crazy Yiuf
  4402 | D:3      | Reached skill level 5 in Necromancy
  4576 | D:4      | Noticed a two-headed ogre
  4694 | D:4      | Reached XP level 6. HP: 16/34 MP: 1/9
  4864 | D:4      | Found a staircase to the Ecumenical Temple.
  4875 | Temple   | Entered the Ecumenical Temple
  5298 | D:4      | Noticed Avack's ghost (weakling NaWr)
  5393 | D:4      | Noticed an ogre
  5588 | D:4      | Reached skill level 6 in Necromancy
  5720 | D:4      | Noticed Eustachio
  5721 | D:4      | Noticed Eustachio
  5721 | D:4      | Eustachio changed into Eustachio the fire bat
  5732 | D:4      | Killed Eustachio the fire bat
  5732 | D:4      | Reached XP level 7. HP: 20/38 MP: 2/10
  5993 | D:4      | Noticed an ogre
  6051 | D:5      | Entered Level 5 of the Dungeon
  6057 | D:5      | Reached skill level 7 in Necromancy
  7181 | D:5      | Reached XP level 8. HP: 26/43 MP: 2/13
  7456 | D:5      | Found Letezxev's Book Boutique.
  7894 | D:6      | Found a snail-covered altar of Cheibriados.
  8002 | D:5      | Reached skill level 8 in Necromancy
  8215 | D:4      | Killed an ogre
  8668 | D:6      | Reached skill level 9 in Necromancy
  9042 | D:6      | Reached XP level 9. HP: 23/52 MP: 4/15
  9098 | D:6      | Killed from afar by a deep elf mage

Vault maps used:
D:1:      scummos_arrival_star
D:2:      amethyst_overflow_temple_binary, first_bread
D:3:      nicolae_qazlal_style_of_elements, uniq_crazy_yiuf_cottage
D:4:      minmay_temple_entry_hall, serial_bayou_lagoon_a, uniq_eustachio
D:5:      serial_shops, shop
D:6:      forest_paths, cheibriados_altar_wand_db, grunt_temple_overflow_open,
          uniq_duvessa, uniq_blork_the_orc
Temple:   circular_temple_13

Action                   |  1- 3 |  4- 6 |  7- 9 || total
-------------------------+-------+-------+-------++-------
Melee: Dagger            |    13 |    37 |    35 ||    85
       Quarterstaff      |       |       |    68 ||    68
       Falchion          |       |       |     6 ||     6
 Fire: Blowgun           |       |       |     7 ||     7
 Cast: Pain              |    93 |   103 |   122 ||   318
       Vampiric Draining |       |     2 |    12 ||    14
Evoke: Wand              |       |     1 |     2 ||     3
  Use: Potion            |     1 |     1 |       ||     2
       Scroll            |       |     2 |       ||     2
 Stab: Confused          |       |       |     1 ||     1
  Eat: Chunk             |    13 |    14 |    13 ||    40
